 Dungeon Crawl Stone Soup version 0.28.0-49-g6dfe1f597d (console) character file.

Game seed: 12254548814300877509

5459 Faeu the Fighter (level 10, -4/94 HPs)
             Began as a Minotaur Berserker on May 14, 2022.
             Was a Priest of Trog.
             Slain by a catoblepas (10 damage)
             ... on level 10 of the Dungeon.
             The game lasted 00:31:12 (8663 turns).

Faeu the Fighter (Minotaur Berserker)               Turns: 8663, Time: 00:31:13

Health: -4/94      AC: 13    Str: 32    XL:     10   Next: 41%
Magic:  9/9        EV: 11    Int: 10    God:    Trog [***...]
Gold:   529        SH:  0    Dex: 10    Spells: 9/9 levels left

rFire   . . .      SeeInvis .   L - +3 whip (freeze) {mace}
rCold   . . .      Faith    .   (no shield)
rNeg    . . .      Spirit   .   m - +0 chain mail
rPois   .          Reflect  .   (helmet restricted)
rElec   .          Harm     .   (no cloak)
rCorr   .          Rampage  .   h - +0 pair of gloves
Will    .....                   (no boots)
Stlth   ..........              u - amulet of regeneration {@e2}
HPRegen 1.05/turn               J - +6 ring of strength
MPRegen 0.11/turn               H - +6 ring of intelligence

@: on berserk cooldown, slowed, very slow
A: horns 2, retaliatory headbutt
a: Renounce Religion, Berserk, Trog's Hand


You were on level 10 of the Dungeon.
You worshipped Trog.
Trog was most pleased with you.
You visited 1 branch of the dungeon, and saw 10 of its levels.
You also visited: Sewer.

You collected 529 gold pieces.


Innate Abilities, Weirdness & Mutations

You have a pair of horns on your head.
You reflexively headbutt those who attack you in melee.


   Skills:
 + Level 10.7 Fighting
 + Level 10.7 Axes
 + Level 10.3 Armour
 - Level 6.5 Dodging


You had 9 spell levels left.
You didn't know any spells.
Your spell library contained the following spells:

 Spells                   Type           Power      Damage    Failure   Level
 Ensorcelled Hibernation  Hex/Ice        0%         N/A       90%         2
 Passwall                 Tmut/Erth      0%         N/A       90%         2
 Call Canine Familiar     Summ           0%         N/A       99%         3
 Confusing Touch          Hex            0%         N/A       99%         3
 Gell's Gravitas          Tloc           0%         N/A       99%         3
 Lesser Beckoning         Tloc           0%         N/A       99%         3
 Portal Projectile        Hex/Tloc       0%         N/A       99%         3
 Swiftness                Air            0%         N/A       99%         3
 Teleport Other           Tloc           0%         N/A       99%         3
 Leda's Liquefaction      Hex/Erth       0%         N/A       100%        4
 Yara's Violent Unravell  Hex/Tmut       0%         3d3       100%        5
 Enfeeble                 Hex            0%         N/A       100%        7

Inventory:

Hand Weapons
 a - a +0 hand axe {axe}
 w - a +1 antimagic short sword {short}
   (You took it off an orc on level 5 of the Dungeon)
 x - a +1 vorpal hand axe {axe}
   (You took it off an orc on level 5 of the Dungeon)
 C - a +2 vorpal spear {polearm}
   (You found it on level 5 of the Dungeon)
 L - a +3 whip of freezing (weapon) {mace}
   (You took it off an orc on level 7 of the Dungeon)
Missiles
 r - 23 poisoned darts (quivered) {throwing}
 I - 4 boomerangs {throwing}
Armour
 b - a +0 animal skin
 h - a +0 pair of gloves (worn)
   (You found it on level 1 of the Dungeon)
 m - a +0 chain mail (worn)
   (You found it on level 1 of the Dungeon)
 P - a +1 robe of cold resistance
   (You took it off Fannar on level 10 of the Dungeon)
Jewellery
 u - an amulet of regeneration (around neck) {@e2}
   (You took it off an orc on level 3 of the Dungeon)
 y - an amulet of magic regeneration {@e2}
   (You found it on level 5 of the Dungeon)
 H - a +6 ring of intelligence (right hand)
   (You found it on level 8 of the Dungeon)
 J - a +6 ring of strength (left hand)
   (You found it on level 7 of the Dungeon)
Wands
 z - a wand of charming (13)
   (You found it on level 5 of the Dungeon)
 A - a wand of flame (18)
   (You found it on level 5 of the Dungeon)
 M - a wand of polymorph (4)
   (You found it on level 9 of the Dungeon)
 N - a wand of iceblast (5)
   (You found it on level 9 of the Dungeon)
Scrolls
 d - 2 scrolls of magic mapping {!r}
 e - 4 scrolls of teleportation {unknown}
 f - 2 scrolls of torment {unknown}
 g - 2 scrolls of fog {unknown}
 i - 2 scrolls of noise {unknown}
 k - 6 scrolls of identify {unknown}
 l - 2 scrolls of fear {unknown}
 v - a scroll of holy word {unknown}
 B - a scroll of blinking {unknown}
 D - a scroll of acquirement {unknown}
 K - a scroll of summoning {unknown}
 O - a scroll of vulnerability {unknown}
 Q - a scroll of amnesia {unknown}
Potions
 c - a potion of lignification {unknown}
 j - a potion of magic {unknown}
 n - a potion of degeneration {unknown}
 o - 3 potions of heal wounds {unknown}
 p - 6 potions of brilliance {unknown}
 q - 3 potions of mutation {unknown}
 s - 4 potions of curing {@q1}
 t - 2 potions of ambrosia {unknown}
 E - a potion of flight {unknown}
 F - 2 potions of might {unknown}
 G - 3 potions of berserk rage {unknown}

Dungeon Overview and Level Annotations

Branches:
Dungeon (10/15)            Temple (0/1) D:5            Lair (0/6) D:10
  Sewer (visited)
    Orc: D:9-12

Altars:
Ashenzari
Dithmenos
Makhleb
Nemelex Xobeh
Xom
Yredelemnul

Shops:
D:8 [

Annotations:
D:5 1 runed translucent door, ghwc's ghost, novice DsNe
D:8 2 runed translucent doors

................[.##
...................##
............Y.......#
.................).#*
...#....>...§......#
...##........§.....# *****
.........[...§....### **,,,**
#...#........§......##**,,,,,*
##..##.....##.§....#.#*,,,,,**
....###....##..###.#.###..,,,*
.....###...##..Y@#........,,,***
.....####..##..#YYY##....),,,,,*
.......##.##..##YY###*,...,,,***
...##.........##....#.....,,,*
...#......#...#..#......YY.,**
..##......#.....#####.####Y,*
................### *##*,,,,*
...#.#.#....#.....# **,,**
...###.#...###...## ****
...........####### ............#


You could see a catoblepas and 5 yaks.


Message History

You regained 42 hp, and now have 133/141 hp.
The yak bellows!
You whack the catoblepas! You freeze the catoblepas.
You headbutt the catoblepas.
You are engulfed in calcifying dust.
Your limbs have turned to stone.
The yak gores you! x2
The catoblepas completely misses you.
You have turned to stone.
You are engulfed in calcifying dust.
The yak gores you. The yak gores you but does no damage.
The catoblepas completely misses you.
You are engulfed in calcifying dust.
The yak gores you! The yak gores you.
The catoblepas gores you but does no damage.
You are engulfed in calcifying dust.
The yak gores you. The yak gores you but does no damage.
The catoblepas breathes a plume of calcifying dust at you.
The blast of calcifying dust hits you but does no damage.
You are engulfed in calcifying dust.
The yak barely misses you. The yak gores you.
The catoblepas breathes a plume of calcifying dust at you.
The blast of calcifying dust hits you but does no damage.
The yak gores you but does no damage. The yak gores you.
The catoblepas barely misses you. The yak gores you.
The yak gores you but does no damage.
The catoblepas breathes a plume of calcifying dust at you.
The blast of calcifying dust hits you.
You are engulfed in calcifying dust.
The yak gores you. x2; The catoblepas gores you!
You are engulfed in calcifying dust.
The yak gores you. The yak gores you but does no damage.
The catoblepas gores you but does no damage.
You are engulfed in calcifying dust.
The yak gores you but does no damage. The yak gores you.
The catoblepas breathes a plume of calcifying dust at you.
The blast of calcifying dust hits you but does no damage.
You turn to flesh and can move again. 😕 HP[-23]
You take 23 damage, and now have 110/141 hp.
Calm down first, please.
You hit the catoblepas. You freeze the catoblepas. You headbutt the catoblepas!
You are engulfed in calcifying dust.
You are slowing down.
The yak gores you but does no damage. The yak gores you. 😕 HP[-1]
You take 1 damage, and now have 109/141 hp.
Calm down first, please.
You hit the catoblepas. You freeze the catoblepas.
You are engulfed in calcifying dust.
Your limbs have turned to stone.
You are no longer berserk.
You are exhausted.
You feel yourself slow down.
The catoblepas gores you but does no damage.
You have turned to stone.
You are engulfed in calcifying dust.
The yak gores you but does no damage. x2
The catoblepas breathes a plume of calcifying dust at you.
The blast of calcifying dust hits you. The yak gores you but does no damage.
The yak gores you.
The catoblepas gores you but does no damage.
The yak gores you but does no damage. The yak gores you!
The catoblepas gores you.
The yak gores you but does no damage. x2; The catoblepas gores you!!
The yak completely misses you. The yak gores you but does no damage.
The catoblepas completely misses you.
The yak gores you but does no damage. x2
The catoblepas gores you but does no damage.
The yak gores you! The yak gores you. The catoblepas gores you.
You turn to flesh and can move again. 😮 HP[-49]
You now have 94 max hp (-47).
You take 49 damage, and now have 60/94 hp.
MASSIVE DAMAGE!! (PAUSE)
You hit the catoblepas but do no damage.
You headbutt the catoblepas, but do no damage.
The yak misses you. You furiously retaliate!
You headbutt the yak!
The catoblepas gores you but does no damage. 😮 HP[+1]
You completely miss the catoblepas. The catoblepas completely misses you.
The yak gores you but does no damage. x2 😮 HP[+1]
You hit the catoblepas but do no damage.
The catoblepas closely misses you.
The yak gores you but does no damage. x2 😮 HP[+1]
You hit the catoblepas but do no damage.
The catoblepas gores you!!
* * * LOW HITPOINT WARNING * * *
The yak gores you.
* * * LOW HITPOINT WARNING * * *
The yak gores you but does no damage. The catoblepas gores you!!
* * * LOW HITPOINT WARNING * * *
😱 HP[-56]
You take 56 damage, and now have 7/94 hp.
MASSIVE DAMAGE!! (PAUSE)
As you read the scroll labelled LOOSCH NOUNAI, it crumbles to dust.
You feel aware of your surroundings.
You sensed 1 altar.
It was a scroll of magic mapping.
The yak gores you.
* * * LOW HITPOINT WARNING * * *
The yak gores you but does no damage. The catoblepas gores you!
You die...

Skill      XL: |  1  2  3  4  5  6  7  8  9 10 |
---------------+-------------------------------+-----
Fighting       | 4 5 6 8 9 10 | 10.7
Axes           | 4 5 6 8 9 10 | 10.7
Armour         | 3 4 5 6 7 9 10 | 10.3
Dodging        | 3 4 5 6 |  6.5

Action                   |  1- 3 |  4- 6 |  7- 9 | 10-12 || total
-------------------------+-------+-------+-------+-------++-------
Melee: Hand axe          |    85 |   181 |    45 |    16 ||   327
       Headbutt          |    17 |    25 |    39 |    19 ||   100
       Punch             |     1 |       |     5 |     1 ||     7
       Spear             |       |       |   182 |       ||   182
       Short sword       |       |       |    16 |       ||    16
       Whip              |       |       |       |    46 ||    46
Invok: Berserk           |       |     3 |     6 |     4 ||    13
  Use: Potion            |       |       |     1 |       ||     1
       Scroll            |       |       |       |     1 ||     1
 Stab: Sleeping          |       |     1 |       |       ||     1
Armor: Animal skin       |    21 |     6 |       |       ||    27
       Chain mail        |       |    81 |   116 |    51 ||   248
Dodge: Dodged            |    53 |    94 |   105 |    30 ||   282

Levels and vault maps discovered:
D:1:      sevenhm_arrival_forest_fort_small_6, layout_basic
D:2:      layout_loops_ring, basic_ecumenical_altar
D:3:      layout_rooms, overflow_temple_1_default,
          nemelex_xobeh_ov_fountains_minmay, gup_sewer_entry_bubbles,
          uniq_terence
D:4:      layout_basic
D:5:      layout_cave_pools, temple_pool_b, hellmonk_ghost_happy_afterlife
D:6:      layout_loops_ring, gammafunk_temple_overflow_claw, kennysheep_potato
D:7:      layout_basic, uniq_prince_ribbit1
D:8:      minmay_the_grid_triangle_9x9_rhombus_full
          [minmay_the_grid_triangle_9x9_flanged_cone,
          minmay_the_grid_triangle_9x9_longest,
          minmay_the_grid_triangle_9x9_tough_junction,
          minmay_the_grid_triangle_9x9_odd_lines,
          minmay_the_grid_triangle_9x9_windchime,
          minmay_the_grid_triangle_9x9_dagger,
          minmay_the_grid_triangle_9x9_shrine,
          minmay_the_grid_triangle_9x9_prize_special], layout_basic,
          serial_shops, shop
D:9:      layout_cave_pools, mainiacjoe_overflow_cross_hatched, uniq_erica
D:10:     layout_cave_pools, tso_metal_star, erik_lair_dragon, uniq_fannar

Notes
Turn   | Place    | Note
-------+----------+-------------------------------------------
     0 | D:1      | Faeu the Minotaur Berserker began the quest for the Orb.
     0 | D:1      | Reached XP level 1. HP: 19/19 MP: 0/0
     0 | D:1      | magus.rc [v1.9.6]
   256 | D:1      | Reached XP level 2. HP: 26/27 MP: 1/1
   367 | D:1      | You pick up a book of the Hunter {forbidden} and begin
                  | reading...
   367 | D:1      | You add the spells Call Canine Familiar, Portal Projectile
                  | and Leda's Liquefaction to your library.
   419 | D:1      | Reached skill level 4 in Fighting
   425 | D:1      | Reached skill level 4 in Axes
   685 | D:1      | Reached XP level 3. HP: 32/33 MP: 2/2
   737 | D:1      | Reached skill level 3 in Armour
  1547 | D:2      | Reached skill level 3 in Dodging
  1547 | D:2      | Reached XP level 4. HP: 41/41 MP: 3/3
  1549 | D:2      | Found a faded altar of an unknown god.
  2212 | D:3      | Reached ** piety under Trog
  2226 | D:3      | Found a sparkling altar of Nemelex Xobeh.
  2254 | D:3      | HP: 10/41 [orc/+0 flail (1)]
  2526 | D:3      | Found a glowing drain.
  2533 | Sewer    | Entered a sewer
  2709 | Sewer    | Noticed a kobold brigand
  2720 | Sewer    | Killed a kobold brigand
  2721 | Sewer    | Reached skill level 5 in Axes
  2721 | Sewer    | Reached skill level 4 in Armour
  2721 | Sewer    | Reached XP level 5. HP: 47/47 MP: 4/4
  2804 | Sewer    | Reached skill level 5 in Fighting
  2804 | Sewer    | Reached XP level 6. HP: 56/56 MP: 5/5
  3046 | D:3      | Noticed Terence
  3059 | D:3      | Killed Terence
  3060 | D:3      | Reached skill level 4 in Dodging
  3170 | D:3      | Found a broken altar of Ashenzari.
  3599 | D:4      | Noticed an ice beast
  3609 | D:4      | Killed an ice beast
  4113 | D:5      | Entered Level 5 of the Dungeon
  4175 | D:5      | Reached skill level 5 in Armour
  4175 | D:5      | Reached XP level 7. HP: 45/62 MP: 6/6
  4336 | D:5      | You pick up a book of Misfortune {forbidden} and begin
                  | reading...
  4336 | D:5      | You add the spells Confusing Touch, Yara's Violent
                  | Unravelling and Enfeeble to your library.
  4357 | D:5      | Found a staircase to the Ecumenical Temple.
  4383 | D:5      | Found a runed translucent door.
  4386 | D:5      | Noticed ghwc's ghost (novice DsNe)
  4401 | D:5      | Reached *** piety under Trog
  4662 | D:6      | Reached skill level 6 in Fighting
  4662 | D:6      | Reached skill level 6 in Axes
  4704 | D:6      | Reached skill level 5 in Dodging
  4830 | D:6      | Reached skill level 6 in Armour
  4837 | D:6      | Reached XP level 8. HP: 58/71 MP: 7/7
  4900 | D:6      | Reached skill level 7 in Axes
  4980 | D:6      | You fall into a shaft and drop 3 floors!
  4993 | D:9      | Noticed Erica
  5029 | D:9      | HP: 26/106 [something (1)]
  5030 | D:9      | Killed Erica
  5031 | D:9      | Reached skill level 7 in Fighting
  5031 | D:9      | Reached skill level 7 in Armour
  5031 | D:9      | Reached skill level 6 in Dodging
  5146 | D:9      | Reached skill level 8 in Fighting
  5146 | D:9      | Reached skill level 8 in Axes
  5146 | D:9      | Reached XP level 9. HP: 81/81 MP: 8/8
  5255 | D:9      | Noticed a cyclops
  5286 | D:9      | Killed a cyclops
  5287 | D:9      | Reached skill level 8 in Armour
  5464 | D:9      | You pick up a book of Displacement {forbidden} and begin
                  | reading...
  5464 | D:9      | You add the spells Lesser Beckoning, Gell's Gravitas and
                  | Teleport Other to your library.
  5728 | D:8      | Noticed a cane toad
  5732 | D:8      | a cane toad changed into a human
  5738 | D:8      | Reached skill level 9 in Fighting
  5738 | D:8      | Reached skill level 9 in Axes
  5962 | D:8      | Found a runed translucent door.
  5969 | D:8      | Found Axkik's Antique Armour Shoppe.
  6001 | D:8      | HP: 30/124 [poisoned by an orc wizard]
  6004 | D:8      | HP: 11/124 [poisoned by an orc wizard]
  6005 | D:8      | HP: 4/83 [poisoned by an orc wizard]
  6179 | D:8      | You pick up a book of Burglary {forbidden} and begin
                  | reading...
  6179 | D:8      | You add the spells Passwall, Ensorcelled Hibernation and
                  | Swiftness to your library.
  6234 | D:8      | Found a runed translucent door.
  6234 | D:8      | Noticed a cyclops
  6416 | D:8      | Noticed a yaktaur
  6618 | D:7      | Noticed Prince Ribbit
  6635 | D:7      | Killed Prince Ribbit
  6636 | D:7      | Reached skill level 9 in Armour
  7046 | D:6      | Found a shadowy altar of Dithmenos.
  7046 | D:6      | Found a shimmering altar of Xom.
  7047 | D:6      | Found a basalt altar of Yredelemnul.
  7323 | D:7      | Reached XP level 10. HP: 75/93 MP: 9/9
  7604 | D:7      | Reached skill level 10 in Fighting
  7604 | D:7      | Reached skill level 10 in Axes
  7701 | D:7      | Reached **** piety under Trog
  8290 | D:9      | Found a burning altar of Makhleb.
  8356 | D:10     | Entered Level 10 of the Dungeon
  8514 | D:10     | Noticed Fannar
  8535 | D:10     | Killed Fannar
  8536 | D:10     | Reached skill level 10 in Armour
  8628 | D:10     | Noticed a catoblepas
  8636 | D:10     | Noticed a two-headed ogre
  8662 | D:10     | HP: 7/94 [catoblepas (24)]
  8663 | D:10     | Slain by a catoblepas

Vanquished Creatures
  Fannar (D:10)
  Erica (D:9)
  A cyclops (D:9)
  A hornet (D:10)
  Prince Ribbit (D:7)
  A wyvern (D:7)
  A yak (D:10)
  A human (shapeshifter) (D:8)
  4 water moccasins
  3 ice beasts
  3 orc warriors
  2 centaurs
  2 ogres (D:6)
  2 kobold brigands (Sewer)
  A wyvern zombie (D:8)
  A scorpion (D:6)
  2 water moccasin zombies (D:6)
  A water moccasin skeleton (D:6)
  6 killer bees (D:7)
  5 wights (D:9)
  A centaur zombie (D:9)
  2 jellies (D:6)
  A centaur skeleton (D:6)
  5 orc priests
  A bullfrog skeleton (D:6)
  2 hounds
  An iguana (D:6)
  Terence (D:3)
  A gnoll shaman (D:9)
  6 orc wizards
  A killer bee zombie (D:6)
  5 gnolls
  5 adders
  3 ufetubi
  8 dart slugs
  16 orcs
  10 endoplasms
  5 giant cockroaches
  6 goblins
  5 hobgoblins
  4 jackals (D:1)
  2 quokkas (D:3)
  10 ball pythons
  8 bats
  4 frilled lizards
  A jackal skeleton (D:4)
  23 kobolds
  11 rats
188 creatures vanquished.

Vanquished Creatures (others)
  2 fungi (Sewer)
  3 plants (Sewer)
5 creatures vanquished.

Grand Total: 193 creatures vanquished

Table legend:
 A = Non-vault XP
 B = Vault XP
 C = Vault XP percentage of total XP
 D = Non-vault monster count
 E = Vault monster count
 F = Vault count percentage of total count
                 A         B        C        D         E       F
            +---------+---------+-------+---------+---------+-------
      Total |    5156 |    2643 |  33.9 |     145 |      43 |  22.9
            +---------+---------+-------+---------+---------+-------
        D:1 |      78 |       0 |   0.0 |      33 |       0 |   0.0
        D:2 |      49 |       0 |   0.0 |      16 |       0 |   0.0
        D:3 |      33 |      57 |  63.3 |      14 |       8 |  36.4
        D:4 |     204 |       0 |   0.0 |      10 |       0 |   0.0
        D:5 |     204 |       0 |   0.0 |      15 |       0 |   0.0
        D:6 |    1051 |     360 |  25.5 |      15 |       4 |  21.1
        D:7 |     864 |     277 |  24.3 |      13 |       1 |   7.1
        D:8 |     756 |       0 |   0.0 |       7 |       0 |   0.0
        D:9 |    1416 |     826 |  36.8 |      20 |       1 |   4.8
       D:10 |     501 |     886 |  63.9 |       2 |       1 |  33.3
      Sewer |       0 |     237 | 100.0 |       0 |      28 | 100.0
            +---------+---------+-------+---------+---------+-------

Illustrated notes

Table legend:
 A = Kills in this place as a percentage of kills in entire the game.
 B = Kills by you in this place as a percentage of kills by you in the entire game.
 C = Kills by friends in this place as a percentage of kills by friends in the entire game.
 D = Other kills in this place as a percentage of other kills in the entire game.
 E = Experience gained in this place as a percentage of experience gained in the entire game.
 F = Experience gained in this place divided by the number of levels of this place that you have seen.
                   A       B       C       D       E      F
               +-------+-------+-------+-------+-------+----------------------
         Total | 100.0 | 100.0 |   N/A |   N/A | 100.0 | 709.0
       Dungeon |  85.1 |  85.1 |   N/A |   N/A |  97.0 | 756.2
         Sewer |  14.9 |  14.9 |   N/A |   N/A |   3.0 | 237.0
               +-------+-------+-------+-------+-------+----------------------

Table legend: (Time is in decaauts)
 A = Elapsed time spent in this place.
 B = Non-inter-level travel time spent in this place.
 C = Inter-level travel time spent in this place.
 D = Time resting spent in this place.
 E = Time spent auto-exploring this place.
 F = Levels seen in this place.
 G = Mean time per level.
                   A        B        C        D        E       F      G
               +--------+--------+--------+--------+--------+-----+--------+
         Total |   8806 |   8212 |    594 |    670 |   5367 |  11 |  800.5 |
       Dungeon |   8317 |   7723 |    594 |    549 |   5132 |  10 |  831.7 |
         Sewer |    489 |    489 |      0 |    121 |    235 |   1 |  489.0 |
               +--------+--------+--------+--------+--------+-----+--------+

Top non-repeatable levels by time:
     D:1: 1541 daAuts
     D:8: 1087 daAuts
     D:9: 969 daAuts
     D:6: 924 daAuts
     D:7: 773 daAuts
     D:3: 758 daAuts
     D:4: 710 daAuts
     D:2: 708 daAuts
     D:5: 571 daAuts
   Sewer: 489 daAuts
    D:10: 273 daAuts
